 Dungeon Crawl Stone Soup version 0.30-a0-859-gf88a04b62d (webtiles) character file.

Game seed: 6048832397123139607

31 spammy the Cutter (level 3, 0/29 HPs)
             Began as a Human Berserker on Mar 5, 2023.
             Was a Follower of Trog.
             Succumbed to an adder's poison
             ... on level 1 of the Dungeon on Mar 6, 2023.
             The game lasted 00:07:39 (1294 turns).

spammy the Cutter (Human Berserker)                 Turns: 1294, Time: 00:07:40

Health: 0/29       AC:  2    Str: 19    XL:     3   Next: 40%
Magic:  3/3        EV: 12    Int:  7    God:    Trog [*.....]
Gold:   64         SH:  0    Dex: 12    Spells: 2/2 levels left

rFire   . . .      SeeInvis .    a - +0 short sword
rCold   . . .      Faith    .    (no shield)
rNeg    . . .      Spirit   .    b - +0 animal skin
rPois   .          Reflect  .    (no helmet)
rElec   .          Rampage  .    (no cloak)
rCorr   .                        (no gloves)
Will    .....                    (no boots)
Stlth   +                        (no amulet)
HPRegen 0.24/turn                (no ring)
MPRegen 0.08/turn                (no ring)

@: lethally poisoned (0 -> 0)
A: no striking features
a: Renounce Religion, Berserk


You were on level 1 of the Dungeon.
You worshipped Trog.
Trog was aware of your devotion.
You visited 1 branch of the dungeon, and saw 2 of its levels.

You collected 64 gold pieces.

Inventory:

Hand Weapons
 a - a +0 short sword (weapon)
Armour
 b - a +0 animal skin (worn)
Potions
 c - a potion of experience {unknown}
 d - a potion of heal wounds {unknown}
 e - 4 potions of mutation {unknown}
 f - a potion of curing {unknown}


   Skills:
 + Level 3.4 Fighting
 + Level 3.5 Short Blades
 + Level 2.0 Armour
 + Level 2.4 Dodging


You had 2 spell levels left.
You didn't know any spells.
Your spell library was empty.

Dungeon Overview and Level Annotations

Branches:
Dungeon (2/15)

Altars:


Message History

You hit the adder.
The adder is moderately wounded.
The bat closely misses you. The adder bites you but does no damage.
You closely miss the adder.
The adder is moderately wounded.
The bat misses you. The adder bites you.
You are poisoned.
The adder poisons you! The worm bites you.
You feel sick.
You hit the adder.
The adder is severely wounded.
You feel sick. The adder misses you. The adder bites you.
You barely miss the adder.
The adder is severely wounded.
You feel sick. The adder bites you.
You miss the adder.
The adder is severely wounded.
The adder barely misses you. The adder attacks as you move away!
The adder closely misses you.
You feel sick.
There is a stone staircase leading up here.
You can't go down here!
You feel sick. The adder bites you.
You are more poisoned.
The adder poisons you!
You climb upwards.
You feel sick.
There is a stone staircase leading down, spattered with blood here.
You feel sick. The adder bites you.
* * * LOW HITPOINT WARNING * * *
The adder misses you.
You hit the adder.
The adder is almost dead.
You feel sick. The adder bites you.
* * * LOW HITPOINT WARNING * * *
You barely miss the adder.
The adder is almost dead.
* * * LOW HITPOINT WARNING * * *
You feel sick. The adder barely misses you.
Okay, then.
You die...

#####.#.#####.####.### #.#
....#... ............#####.##
......#.#####...............#
......#.# #..#.###.#####.##
......#.#####..#.# #.# #.#
......#....##..#.###.### #.#
......#....##........... #.#
...........##.(..###.### #.#
......#....##...@###.# #.#
...........'......>#.#####.#
.....##....##....S...##.##.#
.....................##.##.#
.................#..(##.##.#
#######....##....#...##.##.#
#######....##....#......##.##
............................#
...........................##


You could see an adder.

Vanquished Creatures
  An adder (D:1)
  6 ball pythons (D:1)
  2 endoplasms (D:1)
  2 giant cockroaches (D:1)
  3 goblins (D:1)
  3 hobgoblins
  A kobold (D:1)
  A frilled lizard (D:2)
19 creatures vanquished.

Notes
Turn   | Place    | Note
-------+----------+-------------------------------------------
     0 | D:1      | spammy the Human Berserker began the quest for the Orb.
     0 | D:1      | Reached XP level 1. HP: 18/18 MP: 1/1
   310 | D:1      | Reached XP level 2. HP: 17/24 MP: 2/2
  1103 | D:1      | Reached XP level 3. HP: 28/29 MP: 3/3
  1127 | D:1      | Upgraded the game from 0.30-a0-857-gcaf70739d4 to
                  | 0.30-a0-859-gf88a04b62d
  1293 | D:1      | HP: 1/29 [poisoned by an adder]
  1294 | D:1      | Succumbed to an adder's poison

Illustrated notes

Levels and vault maps discovered:
D:1:      minmay_arrival_hallway, layout_basic, grunt_decor_junction
D:2:      layout_loops_cross, serial_shops,
          nicolae_shop_competitors_out_of_business, corexii_hall_statues_i

Action                     || total
---------------------------++-------
  Melee: Short sword       ||    89
         Punch             ||     2
 Armour: Animal skin       ||    13
  Dodge: Dodged            ||    46

Table legend: (Time is in decaauts)
 A = Elapsed time spent in this place.
 B = Non-inter-level travel time spent in this place.
 C = Inter-level travel time spent in this place.
 D = Time resting spent in this place.
 E = Time spent auto-exploring this place.
 F = Levels seen in this place.
 G = Mean time per level.
                   A        B        C        D        E       F      G
               +--------+--------+--------+--------+--------+-----+--------+
         Total |   1280 |   1266 |     14 |    240 |      0 |   2 |  640.0 |
       Dungeon |   1280 |   1266 |     14 |    240 |      0 |   2 |  640.0 |
               +--------+--------+--------+--------+--------+-----+--------+

Top non-repeatable levels by time:
     D:1: 1247 daAuts
     D:2: 32 daAuts
